 Dungeon Crawl Stone Soup version 0.25-a0-110-ge29c8f2358 (console) character file.

Game seed: 13281516129887823686, levelgen mode: deterministic

5042 Kagalorn the Archer (level 10, -3/91 HPs)
             Began as a Centaur Hunter on Nov 19, 2019.
             Was a Believer of Okawaru.
             Killed from afar by a gargoyle (14 damage)
             ... with a stone arrow
             ... on level 10 of the Dungeon.
             The game lasted 00:35:35 (9127 turns).

Kagalorn the Archer (Centaur Hunter)                Turns: 9127, Time: 00:35:35

Health: -3/91      AC: 12    Str: 18    XL:     10   Next: 30%
Magic:  12/12      EV:  8    Int: 10    God:    Okawaru [**....]
Gold:   442        SH:  2    Dex: 10    Spells: 9/9 levels left

rFire    + . .     SeeInvis .   a - +1 halberd (freeze)
rCold    . . .     Gourm    .   (shield currently unavailable)
rNeg     . . .     Faith    .   g - +2 chain mail {rF+}
rPois    +         Spirit   .   v - +0 helmet
rElec    .         Reflect  +   B - +0 cloak
rCorr    .         Harm     .   e - +0 pair of gloves
MR       .....                  (no barding)
Stlth    ..........             x - +2 amulet of reflection
HPRegen  0.25/turn              O - ring of poison resistance
MPRegen  0.13/turn              y - +3 ring of evasion

@: starving, very quick
A: large, hooves 3, deformed body, speed 2, tough skin 3
a: Heroism, Renounce Religion


You were on level 10 of the Dungeon.
You worshipped Okawaru.
Okawaru was pleased with you.
You were starving.

You visited 2 branches of the dungeon, and saw 11 of its levels.
You also visited: Sewer.

You collected 442 gold pieces.

Inventory:

Hand Weapons
 a - a +1 halberd of freezing (weapon)
 b - a +1 shortbow
 A - a +2 war axe of chopping
 Q - the +11 fustibalus of Punishment {velocity, Dex+4, unknown}
   (You found it on level 7 of the Dungeon)

   Any stone fired from it inflicts extra damage.
   It affects your dexterity (+4).
Missiles
 d - 202 arrows
 o - 56 bolts
 p - 6 poisoned darts (quivered)
Armour
 e - a +0 pair of gloves (worn)
 g - a +2 chain mail of fire resistance (worn)
 v - a +0 helmet (worn)
 B - a +0 cloak (worn)
 E - a +0 shield
 I - the +3 robe of Monotheism {rElec Str+5 Int-4}
   (You found it on level 8 of the Dungeon)

   It affects your strength (+5).
   It affects your intelligence (-4).
   It insulates you from electricity.
 T - a +2 robe of magic resistance
Magical Staves
 k - an uncursed staff of earth
Jewellery
 u - an uncursed amulet of rage
 x - a +2 amulet of reflection (around neck)
 y - a +3 ring of evasion (right hand)
 F - an uncursed ring of flight
 M - an uncursed amulet of guardian spirit {unknown}
 O - a ring of poison resistance (left hand)
 W - a cursed ring of attention {unknown}
Wands
 C - a wand of iceblast (6)
 N - a wand of polymorph (6)
 U - a wand of paralysis (23)
Scrolls
 c - 2 scrolls of fear
 h - 2 scrolls of blinking {unknown}
 i - 2 scrolls of fog {unknown}
 l - 6 scrolls of teleportation
 m - 6 scrolls of remove curse
 s - 2 scrolls of noise {unknown}
 G - a scroll of random uselessness {unknown}
 H - a scroll of immolation {unknown}
 J - a scroll of vulnerability {unknown}
 K - a scroll of silence {unknown}
 L - 2 scrolls of magic mapping {unknown}
 P - 3 scrolls of enchant armour {unknown}
 R - a scroll of holy word {unknown}
 S - a scroll of summoning {unknown}
 X - a scroll of brand weapon {unknown}
Potions
 j - 3 potions of haste {unknown}
 n - 3 potions of curing
 q - 4 potions of flight
 r - 3 potions of brilliance {unknown}
 t - a potion of heal wounds
 w - 2 potions of might
 z - a potion of berserk rage
 D - 2 potions of agility
 V - a potion of invisibility {unknown}
Comestibles
 f - 16 rations


   Skills:
 - Level 9.0 Fighting
 * Level 8.6 Polearms
 - Level 10.6 Bows
 - Level 2.0 Dodging
 - Level 1.0 Stealth
 * Level 3.2 Invocations


You had 9 spell levels left.
You didn't know any spells.
Your spell library contained the following spells:

 Spells                   Type           Power        Failure   Level  Hunger
 Shock                    Conj/Air       #...         99%         1    ##.....
 Sting                    Conj/Pois      #...         99%         1    ##.....
 Poisonous Vapours        Pois/Air       #.....       100%        2    ###....
 Swiftness                Chrm/Air       #.......     100%        2    ###....
 Mephitic Cloud           Conj/Pois/Air  #.......     100%        3    ####...
 Static Discharge         Conj/Air       #.......     100%        3    ####...
 Airstrike                Air            #.........   100%        4    #####..
 Olgreb's Toxic Radiance  Pois           #.......     100%        4    #####..
 Lightning Bolt           Conj/Air       #.........   100%        5    ######.
 Venom Bolt               Conj/Pois      #.........   100%        5    ######.


Dungeon Overview and Level Annotations

Branches:
Dungeon (10/15)            Temple (1/1) D:5            Lair (0/6) D:8
  Sewer (visited)
    Orc: D:9-12

Altars:
Ashenzari
Cheibriados
Dithmenos
Elyvilon
Fedhas
Gozag
Hepliaklqana
Kikubaaqudgha
Makhleb
Nemelex Xobeh
Okawaru
Qazlal
Ru
Sif Muna
Trog
Uskayaw
Vehumet
Wu Jian
Xom
Yredelemnul
Zin
The Shining One


Innate Abilities, Weirdness & Mutations

You have hooves in place of feet.
Armour fits poorly on your strangely shaped body.
You cover ground very quickly.
You have extremely tough skin. (AC +3)


Message History

The merfolk barely misses you.
You closely miss the merfolk. Your kick misses the merfolk.
The merfolk is severely wounded.
The merfolk closely misses you.
You closely miss the merfolk.
The merfolk is severely wounded.
The merfolk hits you with a +0 trident.
You hit the merfolk. You freeze the merfolk. Your kick misses the merfolk.
The merfolk is severely wounded.
The merfolk hits you with a +0 trident!
You puncture the merfolk! You freeze the merfolk. You kick the merfolk.
The merfolk is almost dead.
The gargoyle hits you with a +0 morningstar!
* * * LOW HITPOINT WARNING * * *
The merfolk closely misses you.
The merfolk hits you from afar with a +0 trident!
* * * LOW HITPOINT WARNING * * *
The gargoyle hurls a stone arrow at you.
The stone arrow hits you!
You die...

..................[.###
≈........####........#
≈≈≈§.....# #..[.....######.#
≈≈≈≈....9# #...............#
≈≈≈≈≈....# #.(.............#
§≈≈≈≈....# #...............#
§≈≈≈§§...# #..(............#
..≈≈≈§§≈..####...<...........#
#§.§≈§≈...m9..@...<..........#
#.§§≈≈≈.....................#
##.≈≈≈≈≈..(...(..............#
.#..≈≈≈≈..(###........#######.#
#..§≈≈≈≈.(## #....[...#
...≈≈≈≈§≈.# #...>....#
.≈≈≈≈≈≈§..# #........#
≈≈§≈≈≈≈...# #........#
≈≈≈≈≈≈...## ............


You could see a merfolk and a gargoyle.

Vanquished Creatures
  A two-headed ogre (D:7)
  Pikel (D:5)
  A hippogriff (D:3)
  A spriggan (D:9)
  2 ice beasts
  2 orc warriors
  A slave (D:4)
  3 ogres
  2 phantoms
  2 centaurs
  A big kobold (Sewer)
  Blork the orc (D:5)
  3 bullfrogs
  A water moccasin skeleton (D:9)
  4 scorpions
  3 wights
  6 killer bees (D:8)
  5 howler monkeys
  5 crimson imps
  4 jellies (D:7)
  2 hounds
  10 orc priests
  Crazy Yiuf (D:5)
  A centaur skeleton (D:2)
  2 orc wizards (D:7)
  A bullfrog skeleton (D:5)
  Jessica (D:3)
  4 iguanas
  Terence (D:3)
  Natasha (thrice) (D:4)
  7 worker ants
  4 gnolls (D:7)
  A howler monkey skeleton (D:5)
  9 adders
  A river rat (Sewer)
  3 shadow imps
  An adder zombie (D:7)
  An ooze (D:5)
  A worm (D:3)
  2 dart slugs
  8 leopard geckos
  31 orcs
  5 bats
  11 giant cockroaches
  12 hobgoblins
  17 jackals
  13 kobolds
  6 quokkas
  A ball python (D:4)
  A ball python skeleton (D:4)
  4 frilled lizards
  6 goblins
  10 rats
230 creatures vanquished.

Notes
Turn   | Place    | Note
-------+----------+-------------------------------------------
     0 | D:1      | Kagalorn the Centaur Hunter began the quest for the Orb.
     0 | D:1      | Reached XP level 1. HP: 17/17 MP: 1/1
    84 | D:1      | Reached XP level 2. HP: 17/25 MP: 2/2
   574 | D:2      | Reached XP level 3. HP: 31/31 MP: 3/3
   666 | D:2      | Reached XP level 4. HP: 24/41 MP: 4/4
  1282 | D:3      | Noticed Jessica
  1287 | D:3      | Killed Jessica
  1287 | D:3      | Reached skill level 5 in Fighting
  1352 | D:3      | Reached XP level 5. HP: 48/48 MP: 5/5
  1522 | D:3      | Found a glowing drain.
  1531 | Sewer    | Entered a sewer
  1748 | Sewer    | Reached XP level 6. HP: 50/58 MP: 6/6
  1766 | Sewer    | Found a glowing silver altar of Zin.
  2001 | D:3      | Noticed Terence
  2041 | D:3      | Killed Terence
  2092 | D:3      | Noticed a hippogriff
  2120 | D:3      | Killed a hippogriff
  2120 | D:3      | Reached XP level 7. HP: 67/67 MP: 7/7
  2708 | D:4      | Noticed Natasha
  2712 | D:4      | Killed Natasha
  2851 | D:4      | Found a snail-covered altar of Cheibriados.
  3087 | D:4      | Reached skill level 6 in Bows
  3281 | D:4      | Reached skill level 1 in Stealth
  3343 | D:4      | Reached XP level 8. HP: 48/77 MP: 8/8
  3468 | D:5      | Entered Level 5 of the Dungeon
  3500 | D:5      | Noticed Blork the orc
  3515 | D:5      | Killed Blork the orc
  3515 | D:5      | Reached skill level 7 in Bows
  3593 | D:5      | Found a hide-covered altar of Uskayaw.
  3814 | D:4      | Noticed Natasha
  3819 | D:4      | Killed Natasha
  3819 | D:4      | Reached skill level 1 in Polearms
  3971 | D:4      | Noticed Natasha
  3980 | D:4      | Killed Natasha
  3980 | D:4      | Reached skill level 8 in Bows
  4163 | D:5      | Found a runed translucent door.
  4164 | D:5      | Noticed Crazy Yiuf
  4221 | D:5      | Killed Crazy Yiuf
  4298 | D:5      | Found a staircase to the Ecumenical Temple.
  4305 | Temple   | Entered the Ecumenical Temple
  4494 | D:5      | Noticed Pikel
  4629 | D:5      | Killed Pikel
  4629 | D:5      | Reached skill level 9 in Bows
  4841 | D:6      | Found an opulent altar of Gozag.
  4917 | D:5      | Reached XP level 9. HP: 64/83 MP: 9/9
  5024 | D:6      | You fall into a shaft and drop 2 floors!
  5030 | D:8      | Got a fine robe
  5053 | D:8      | Reached skill level 10 in Bows
  5341 | D:7      | Found an iron altar of Okawaru.
  5341 | D:7      | Found a shimmering altar of Xom.
  5344 | D:7      | Found a blossoming altar of Fedhas.
  5345 | D:7      | Became a worshipper of Warmaster Okawaru
  5764 | D:8      | Found a shimmering blue altar of Sif Muna.
  5827 | D:8      | Found a staircase to the Lair.
  5919 | D:7      | Identified the +3 robe of Monotheism {rElec Str+5 Int-4}
                  | (You found it on level 8 of the Dungeon)
  6033 | D:7      | Reached skill level 1 in Invocations
  6062 | D:6      | Reached skill level 5 in Polearms
  6251 | D:6      | Reached * piety under Okawaru
  7138 | D:7      | Found a snail-covered altar of Cheibriados.
  7165 | D:7      | Found a white marble altar of Elyvilon.
  7219 | D:7      | Got a scorched fustibalus
  7224 | D:7      | Noticed a two-headed ogre
  7286 | D:7      | Killed a two-headed ogre
  7286 | D:7      | Reached ** piety under Okawaru
  7286 | D:7      | Reached XP level 10. HP: 71/91 MP: 10/12
  7921 | D:8      | Noticed a manticore
  8806 | D:10     | Entered Level 10 of the Dungeon
  8909 | D:10     | Noticed a gargoyle
  9127 | D:10     | Killed from afar by a gargoyle

Levels and vault maps discovered:
D:1:      minmay_arrival_up_and_down, layout_basic,
          hangedman_abyss_or_decor_lesser_grid, moated_statue
D:2:      layout_rooms
D:3:      layout_basic, portal_sewer_entry_d, uniq_jessica, uniq_terence
D:4:      layout_loops_corners, first_ration, cheibriados_altar_1, uniq_natasha
D:5:      layout_basic, minmay_temple_entry_drinking_statues,
          minmay_ruined_shrine, uniq_pikel, uniq_crazy_yiuf_cottage,
          uniq_blork_the_orc
D:6:      layout_basic, lemuel_crystal_altar
D:7:      layout_rooms, nicolae_overflow_hidden_temple,
          grunt_temple_overflow_open
D:8:      layout_basic, lair_entry_dummy, basic_altar, lightli_corner_chamber
D:9:      layout_loops_ring
D:10:     layout_small_grid, david_orc_4, serial_shops, kennysheep_mini,
          nicolae_shop_statue_plus, hangedman_stone_soup, minmay_lindwurm_lava
Temple:   regret_index_temple_sphere_string

Skill      XL: |  1  2  3  4  5  6  7  8  9 10 |
---------------+-------------------------------+-----
Fighting       | 3 4 5 6 7 8 9 |  9.0
Bows           | 6 9 10 | 10.6
Stealth        | 1 |  1.0
Dodging        | 2 |  2.0
Polearms       | 3 7 8 |  8.6
Invocations    | 2 3 |  3.2

Action                   |  1- 3 |  4- 6 |  7- 9 | 10-12 || total
-------------------------+-------+-------+-------+-------++-------
Melee: Short sword       |   113 |    77 |       |       ||   190
       Kick              |    11 |    20 |    57 |    21 ||   109
       War axe           |       |    60 |    57 |       ||   117
       Halberd           |       |       |   226 |    94 ||   320
 Fire: Shortbow          |     5 |    35 |   154 |    27 ||   221
Throw: Dart              |       |       |    13 |     2 ||    15
 Abil: Evoke Berserk Rag |       |       |     1 |       ||     1
Evoke: Wand              |       |       |     1 |     1 ||     2
  Use: Scroll            |       |     2 |     6 |     2 ||    10
       Potion            |       |     1 |     2 |       ||     3
  Eat: Chunk             |       |     2 |     9 |     2 ||    13
       Ration            |       |       |     2 |       ||     2
Armor: Leather armour    |     7 |       |       |       ||     7
       Chain mail        |    74 |   103 |   187 |    47 ||   411
Dodge: Dodged            |    24 |    29 |   113 |    31 ||   197
Block: Other             |       |       |    11 |     4 ||    15

Table legend:
 A = Non-vault XP
 B = Vault XP
 C = Vault XP percentage of total XP
 D = Non-vault monster count
 E = Vault monster count
 F = Vault count percentage of total count
                 A         B        C        D         E       F
            +---------+---------+-------+---------+---------+-------
      Total |    5847 |    1357 |  18.8 |     206 |      23 |  10.0
            +---------+---------+-------+---------+---------+-------
        D:1 |      35 |       0 |   0.0 |      19 |       0 |   0.0
        D:2 |     112 |       0 |   0.0 |      35 |       0 |   0.0
        D:3 |     545 |      87 |  13.8 |      32 |       3 |   8.6
        D:4 |     708 |      35 |   4.7 |      24 |       1 |   4.0
        D:5 |     353 |     892 |  71.6 |      13 |       7 |  35.0
        D:6 |     786 |       0 |   0.0 |      24 |       0 |   0.0
        D:7 |    1758 |       0 |   0.0 |      27 |       0 |   0.0
        D:8 |     653 |       0 |   0.0 |      16 |       0 |   0.0
        D:9 |     712 |     215 |  23.2 |      11 |       1 |   8.3
       D:10 |     185 |       0 |   0.0 |       5 |       0 |   0.0
      Sewer |       0 |     128 | 100.0 |       0 |      11 | 100.0
            +---------+---------+-------+---------+---------+-------
